 Dungeon Crawl Stone Soup version 0.30-a0-571-gdf30a72648 (webtiles) character file.

Game seed: 1896324657750405418

303 Shayle the Conjurer (level 6, 0/37 HPs)
             Began as a Tengu Reaver on Dec 29, 2022.
             Slain by Edmund
             ... wielding a +4 flail of holy wrath
              (9 damage)
             ... on level 6 of the Dungeon.
             The game lasted 00:09:32 (4118 turns).

Shayle the Conjurer (Tengu Reaver)                  Turns: 4118, Time: 00:09:32

Health: 0/37       AC:  3    Str: 18    XL:     6   Next: 38%
Magic:  10/10      EV: 16    Int: 15    God:
Gold:   128        SH:  0    Dex: 19    Spells: 5/9 levels left

rFire   . . .      SeeInvis .    y - +2 dagger (drain)
rCold   . . .      Faith    .    (no shield)
rNeg    . . .      Spirit   .    b - +0 leather armour
rPois   .          Reflect  .    (helmet restricted)
rElec   .          Harm     .    (no cloak)
rCorr   .          Rampage  .    (no gloves)
Will    .....                    (boots unavailable)
Stlth   +                        q - amulet of magic regeneration
HPRegen 0.26/turn                l - +6 ring of strength
MPRegen 0.52/turn                r - +6 ring of dexterity

@: flying quickly and evasively, quick
A: beak, talons 3, nimble flight
a: no special abilities


You were on level 6 of the Dungeon.
You visited 2 branches of the dungeon, and saw 7 of its levels.

You collected 128 gold pieces.

Inventory:

Hand Weapons
 a - a +0 spear
 v - a +2 vampiric dagger
 y - a +2 dagger of draining (weapon)
Missiles
 j - a throwing net
 o - 2 curare-tipped darts (quivered)
Armour
 b - a +0 leather armour (worn)
Jewellery
 l - a +6 ring of strength (left hand)
 n - an amulet of faith
 p - a +6 ring of strength
 q - an amulet of magic regeneration (around neck)
 r - a +6 ring of dexterity (right hand)
 u - a +6 ring of dexterity
 A - a +5 ring of evasion
Scrolls
 c - 2 scrolls of fear {unknown}
 d - 3 scrolls of teleportation
 e - a scroll of fog {unknown}
 f - a scroll of magic mapping {unknown}
 m - a scroll of brand weapon {unknown}
 s - 2 scrolls of poison {unknown}
 t - a scroll of enchant weapon {unknown}
 w - a scroll of vulnerability {unknown}
 z - a scroll of blinking {unknown}
 B - a scroll of identify
 C - a scroll of acquirement {unknown}
 D - a scroll of enchant armour {unknown}
 H - a scroll of immolation
Potions
 g - 3 potions of mutation
 h - 2 potions of magic
 i - a potion of heal wounds
 k - a potion of might
 x - 2 potions of berserk rage {unknown}
 E - a potion of attraction {unknown}
 F - a potion of flight {unknown}
 G - a potion of degeneration {unknown}


   Skills:
 + Level 3.6 Fighting
 - Level 3.2 Polearms
 + Level 3.8 Dodging
 + Level 2.4 Spellcasting
 - Level 4.0 Conjurations
 + Level 3.0 Necromancy
 + Level 1.9 Earth Magic


You had 5 spell levels left.
You knew the following spells:

 Your Spells              Type           Power      Damage    Failure   Level
a - Kiss of Death         Conj/Necr      48%        2d9       6%          1
b - Hailstorm             Conj/Ice       7%         3d4       32%         3

Your spell library contained the following spells:

 Spells                   Type           Power      Damage    Failure   Level
 Momentum Strike          Conj/Tloc      14%        3d8       17%         2
 Blink                    Tloc           2%         N/A       36%         2
 Gell's Gravitas          Tloc           1%         N/A       58%         3
 Lesser Beckoning         Tloc           2%         N/A       58%         3
 Teleport Other           Tloc           1%         N/A       58%         3
 Vhi's Electric Charge    Tloc/Air       2%         N/A       58%         3
 Arcjolt                  Conj/Air       3%         1d13      97%         5
 Maxwell's Capacitive Co  Air            0%         ∞         100%        8


Dungeon Overview and Level Annotations

Branches:
Dungeon (6/15)             Temple (1/1) D:4

Altars:
Ashenzari
Dithmenos
Elyvilon
Fedhas
Gozag
Hepliaklqana
Nemelex Xobeh
Okawaru
Qazlal
Ru
Trog
Uskayaw
Wu Jian
Xom
Yredelemnul
Zin

Annotations:
D:4 1 runed translucent door, drugrobin's ghost, novice DgDe
D:5 Sigmund
D:6 Edmund


Innate Abilities, Weirdness & Mutations

You have a beak for a mouth.
You have claws for feet.
Your magical nature lets you fly swiftly and evasively.


Message History

You fly downwards.
There is a stone staircase leading up here.
F - a fuming sapphire potion
Found 6 boomerangs.
G - a golden potion You see here 6 boomerangs.
An adder comes into view.
Found a leather armour.
Found an escape hatch in the ceiling.
The adder hisses angrily.
The adder closely misses you. The adder misses you.
You hit the adder but do no damage. You claw the adder.
The adder is heavily wounded.
The adder closely misses you.
You hit the adder. You drain the adder.
You kill the adder!
Your Necromancy skill increases to level 3!
There is an escape hatch in the ceiling here.
You see here an adder corpse.
You see here a +0 leather armour.
Found a ring mail.
An ice beast comes into view.
You see here a +0 ring mail.
Found a scroll of immolation.
You see here a scroll of immolation.
H - a scroll of immolation
Found an escape hatch in the floor.
Edmund the Younger comes into view.
He is wielding a +4 flail of holy wrath.
You start waiting.
Edmund is nearby!
You closely miss Edmund. You peck Edmund, but do no damage.
Edmund hits you with a +4 flail of holy wrath!
You completely miss Edmund.
Edmund hits you with a +4 flail of holy wrath!
You hit Edmund but do no damage. Your kick misses Edmund.
Edmund hits you with a +4 flail of holy wrath.
* * * LOW HITPOINT WARNING * * *
You completely miss Edmund. You claw Edmund!
Edmund is moderately wounded.
Edmund hits you with a +4 flail of holy wrath!
You die...

#.#########.##
#.# #.# #.# #.#
#.# #.# #.# #.#
#.# #.# #.# #.#
#.# #.# #.# #.#
######.### .# #.#
#......@.# #.#
#.####@#.# #.#
########.####.#.#
#.#
#.............#.#
#.#
#.######.######.#
#.#
#.######.######.#
#..
#.............#.#
###
#######.#####.#.@
#.# #.# #.# #.#


You could see Edmund.

Vanquished Creatures
  A necrophage (D:4)
  A jelly (D:4)
  Jessica (D:2)
  An iguana (D:4)
  Robin (D:2)
  4 adders
  4 gnolls
  A worm (D:3)
  2 dart slugs
  6 ball pythons
  5 endoplasms
  A giant cockroach (D:3)
  14 goblins
  3 hobgoblins
  5 quokkas
  5 bats
  3 frilled lizards
  9 kobolds
  8 rats
75 creatures vanquished.

Notes
Turn   | Place    | Note
-------+----------+-------------------------------------------
     0 | D:1      | Shayle the Tengu Reaver began the quest for the Orb.
     0 | D:1      | Reached XP level 1. HP: 12/12 MP: 4/4
   228 | D:1      | Reached XP level 2. HP: 17/17 MP: 6/6
  1072 | D:2      | Noticed Jessica
  1085 | D:1      | Reached skill level 1 in Necromancy
  1208 | D:2      | Reached XP level 3. HP: 21/21 MP: 7/7
  1397 | D:2      | Noticed Robin
  1570 | D:3      | Reached skill level 1 in Earth Magic
  1624 | D:3      | Found a shadowy altar of Dithmenos.
  1624 | D:3      | Found a stormy altar of Qazlal.
  1768 | D:2      | Killed Jessica
  1769 | D:2      | Reached XP level 4. HP: 27/27 MP: 8/8
  2069 | D:2      | Gained mutation: Your magical nature lets you fly swiftly
                  | and evasively. [Tengu growth]
  2069 | D:2      | Reached XP level 5. HP: 32/32 MP: 9/9
  2253 | D:2      | Killed Robin
  2880 | D:4      | Learned a level 3 spell: Hailstorm
  2950 | D:4      | Found a staircase to the Ecumenical Temple.
  2962 | Temple   | Entered the Ecumenical Temple
  3177 | D:4      | Found a runed translucent door.
  3180 | D:4      | Noticed drugrobin's ghost (novice DgDe)
  3281 | D:4      | Reached XP level 6. HP: 20/37 MP: 10/10
  3821 | D:5      | Entered Level 5 of the Dungeon
  3871 | D:5      | Noticed Sigmund
  4028 | D:6      | Noticed an ice beast
  4107 | D:6      | Noticed Edmund
  4118 | D:6      | Slain by Edmund

Illustrated notes

Levels and vault maps discovered:
D:1:      dpeg_arrival_oval, layout_basic
D:2:      layout_basic, uniq_jessica, uniq_robin
D:3:      layout_loops_ring, nicolae_overflow_two_pavilions, patterned_corridor
D:4:      layout_basic, minmay_temple_entry_antechambers,
          ebering_ghost_inner_flame
D:5:      layout_basic, serial_shops, nicolae_shop_waterfront, uniq_sigmund
D:6:      layout_basic, minmay_misc_feat_five, uniq_blork_the_orc, uniq_edmund
Temple:   nicolae_temple_bog_church

Skill      XL: |  1  2  3  4  5  6 |
---------------+-------------------+-----
Necromancy     | 1 2 3 |  3.0
Earth Magic    | 1 |  1.9
Dodging        | 3 |  3.8
Fighting       | 3 |  3.6
Polearms       | |  3.2
Spellcasting   | |  2.4
Conjurations   | |  4.0

Action                   |  1- 3 |  4- 6 || total
-------------------------+-------+-------++-------
Melee: Spear             |    82 |       ||    82
       Kick              |    17 |    34 ||    51
       Peck              |     4 |    15 ||    19
       Dagger            |     1 |   102 ||   103
       Punch             |       |     1 ||     1
 Cast: Kiss of Death     |     1 |       ||     1
  Use: Scroll            |     1 |     4 ||     5
 Stab: Sleeping          |     2 |     1 ||     3
Armor: Leather armour    |    18 |     4 ||    22
Dodge: Dodged            |    57 |    58 ||   115

Table legend: (Time is in decaauts)
 A = Elapsed time spent in this place.
 B = Non-inter-level travel time spent in this place.
 C = Inter-level travel time spent in this place.
 D = Time resting spent in this place.
 E = Time spent auto-exploring this place.
 F = Levels seen in this place.
 G = Mean time per level.
                   A        B        C        D        E       F      G
               +--------+--------+--------+--------+--------+-----+--------+
         Total |   3930 |   3750 |    180 |    166 |   2741 |   7 |  561.4 |
       Dungeon |   3776 |   3609 |    167 |    166 |   2615 |   6 |  629.3 |
        Temple |    153 |    141 |     12 |      0 |    126 |   1 |  153.0 |
               +--------+--------+--------+--------+--------+-----+--------+

Top non-repeatable levels by time:
     D:1: 1165 daAuts
     D:2: 853 daAuts
     D:3: 749 daAuts
     D:4: 739 daAuts
     D:6: 214 daAuts
  Temple: 153 daAuts
     D:5: 54 daAuts
